Cogmind - Beta 17 @@@ ROGUE MODE // 2026.06.27 @ 16:01:19 Player: JuustuToug Result: Destroyed by G-73 Enforcer with Heavy Laser Performance ------------- Evolutions (8) 4000 Regions Visited (24) 4800 Robots Destroyed (239) 1195 Value Destroyed (11963) 11963 Prototype IDs (102) 2040 Alien Tech Used (7) 1400 Bonus (17388) 17388 TOTAL SCORE: 42786 Bonus ------- Triggered Max Security 1000 High Alert Combat Kills 606 Follower Combat Kills 2670 Forged Quantum Companion 1000 Network Hubs Disabled 800 Registered with UFD 300 Met Optimus in HQ 500 Met Data Miner 300 Met Zhirov 300 Met Warlord at Base 500 MAIN.C Attacked Warlord 500 Warlord Defense Kills 942 Built Enhanced Grunts 300 Met R17 at Cetus 500 Read Decrypted Archives 300 Used Core Reset Matrix 3000 Met R17 at Research 2000 Scanned by Researcher 500 Pursued by Intercept 500 Integrated Exoskeleton 5000 Friendly Fire -4130 Cogmind --------- Core Integrity 0/1450 Matter 114/300 Energy 450/450 System Corruption 21% +Membrane Temperature Cool (8) Movement Walking (30) Location -2/Section 7 Parts ------- > --- POWER (1) -------- Improved Quantum Reactor > --- PROPULSION (3) --- Sigix Exoskeleton > --- UTILITY (3) ------ Experimental Optical Array Experimental Core Analyzer > --- WEAPON (2) ------- Sigix Sheargun Quantum Companion > --- INVENTORY (5) ---- Sigix Sheargun Core Cannon Peak State ------------ > --- POWER ------------ Improved Quantum Reactor > --- PROPULSION ------- Sigix Exoskeleton > --- UTILITY ---------- Experimental Optical Array Experimental Core Analyzer Improved Armor Integrity Analyzer > --- WEAPON ----------- Core Cannon > --- INVENTORY -------- Terrabomb Sigix Sheargun Sigix Sheargun [Rating: 228] Favorites ----------- Power Heavy Antimatter Reactor Engine Subdweller Power Source Power Core Light Fission Core Reactor Heavy Antimatter Reactor Propulsion Light Treads Treads Light Treads Leg Flexi-carbon Leg Hover Unit Improved Antigrav System Utility High-capacity Storage Unit Device Self-contained Transmogrifier Storage High-capacity Storage Unit Processor Experimental Core Analyzer Hackware Advanced System Shield Protection Powered Armor Weapon Companion Sword Energy Gun Subdweller Laser Energy Cannon Subdweller Beam Cannon Ballistic Gun Subdweller Machine Gun Ballistic Cannon Improved Light Cannon Launcher Mini Grenade Launcher Special Weapon CPS Tube Slashing Weapon Companion Sword Piercing Weapon Plasma Lance Build | -11 -10 -10 -8 -8 -6 -6 -6 -6 -5 -5 -5 -5 -5 -5 -4 -4 -4 -4 -3 -3 -3 -2 -2 -2 ------- Run | Yrd Mat Sub Rec Scr Fac Low Low Dat Pro Fac Ext Cet Arc Hub Fac Upp Upp War Pro Res Qua Res Tes Sec Slots Evolved 16 | . . . . . 8 . . . . 2 . . . . 2 . . . . 2 . 2 . . Power 2 | . . . . . 1 . . . . . . . . . . . . . . . . 1 . . Propulsion 4 | . . . . . 2 . . . . 1 . . . . . . . . . 1 . . . . Utility 10 | . . . . . 5 . . . . 1 . . . . 2 . . . . 1 . 1 . . Weapon . | . . . . . . . . . . . . . . . . . . . . . . . . . Parts Attached 275 | 7 7 17 . 1 12 3 6 . 12 22 11 13 . 11 10 8 8 6 3 18 21 62 . 17 Power 43 | 1 1 4 . . 1 . . . 3 5 . 3 . . 1 1 . 3 . 1 3 14 . 2 Engine 8 | 1 1 4 . . . . . . 2 . . . . . . . . . . . . . . . Core 9 | . . . . . 1 . . . 1 5 . 1 . . . . . 1 . . . . . . Reactor 26 | . . . . . . . . . . . . 2 . . 1 1 . 2 . 1 3 14 . 2 Propulsion 74 | 2 . 4 . . 2 1 1 . 4 9 6 3 . 4 1 2 3 2 2 3 3 18 . 4 Treads 15 | 2 . 4 . . 2 1 1 . 4 1 . . . . . . . . . . . . . . Leg 49 | . . . . . . . . . . 8 6 3 . 4 1 2 3 2 2 3 3 10 . 2 Wheel . | . . . . . . . . . . . . . . . . . . . . . . . . . Hover 10 | . . . . . . . . . . . . . . . . . . . . . . 8 . 2 Flight . | . . . . . . . . . . . . . . . . . . . . . . . . . Utility 126 | 2 3 2 . . 9 2 5 . 4 8 3 7 . 7 8 5 4 1 1 10 11 29 . 5 Device 64 | 1 . 1 . . 1 1 2 . 4 2 1 2 . 3 5 4 1 1 . 5 8 20 . 2 Storage 6 | 1 2 . . . 1 . . . . . . 1 . 1 . . . . . . . . . . Processor 21 | . . . . . 4 . 1 . . . . . . . 2 1 1 . . 1 3 5 . 3 Hackware 7 | . . . . . 1 . . . . 1 1 . . 2 . . 1 . . . . 1 . . Protection 28 | . 1 1 . . 2 1 2 . . 5 1 4 . 1 1 . 1 . 1 4 . 3 . . Artifact . | . . . . . . . . . . . . . . . . . . . . . . . . . Weapon 32 | 2 3 7 . 1 . . . . 1 . 2 . . . . . 1 . . 4 4 1 . 6 Energy Gun 4 | . . 1 . . . . . . . . . . . . . . . . . . . . . 3 Energy Cannon 4 | . . 2 . . . . . . . . . . . . . . . . . 1 . . . 1 Ballistic Gun 8 | 2 2 4 . . . . . . . . . . . . . . . . . . . . . . Ballistic Cannon . | . . . . . . . . . . . . . . . . . . . . . . . . . Launcher 9 | . 1 . . . . . . . 1 . 1 . . . . . 1 . . 1 3 . . 1 Special Weapon 1 | . . . . . . . . . . . 1 . . . . . . . . . . . . . Impact Weapon . | . . . . . . . . . . . . . . . . . . . . . . . . . Slashing Weapon 5 | . . . . 1 . . . . . . . . . . . . . . . 1 1 1 . 1 Piercing Weapon 1 | . . . . . . . . . . . . . . . . . . . . 1 . . . . Special Melee Weapon . | . . . . . . . . . . . . . . . . . . . . . . . . . Unidentified Prototypes 29 | . . 1 . 1 1 1 . . . . . 7 . 3 . . . 2 . 5 3 2 . 3 Corrupted Parts 5 | . . . . . . . . . . . . . . 1 . . 2 2 . . . . . . System Corruption 29 | . . . . . . . . . . . . . . 8 . . 14 7 . . . . . . Parts Lost 83 | . . . . . 1 1 3 . 8 . 4 2 . 1 3 7 1 1 7 . 12 23 2 7 Power 19 | . . . . . . . . . 2 . . 1 . . . 2 . . 3 . 3 8 . . Propulsion 24 | . . . . . . . 1 . 3 . 2 . . . . 1 . . 1 . 2 7 1 6 Utility 38 | . . . . . . 1 2 . 3 . 2 1 . 1 3 4 1 1 2 . 7 8 1 1 Weapon 2 | . . . . . 1 . . . . . . . . . . . . . 1 . . . . . Highest Loss Streak 10 | . . . . . 1 1 2 . 5 . 1 1 . 1 1 4 1 1 6 . 6 10 2 6 To Critical Strikes 1 | . . . . . . . . . 1 . . . . . . . . . . . . . . . Average Backups 15 | 1 13 10 18 18 15 17 17 17 15 13 17 15 17 15 16 12 14 14 16 16 17 15 16 4 Power 1 | 1 1 . 1 . 2 2 2 2 1 1 2 1 1 1 1 . 1 1 1 . 1 1 2 . Propulsion 4 | . 3 3 5 4 5 6 6 6 5 4 5 5 5 4 5 3 5 6 7 7 5 3 . . Utility 4 | . 4 2 6 7 4 6 6 6 5 3 4 5 9 7 7 5 5 5 5 5 4 2 4 . Weapon 3 | . 4 3 5 4 2 2 2 2 1 1 2 2 2 2 2 1 1 2 1 3 6 6 7 2 Tool/Special . | . . . . . . . . . . . . . . . . . . . . . . . . . Unused Backups 49 | . 3 6 . 12 3 2 1 . . 3 2 4 . 2 1 . . . . . 2 . 1 7 Power 6 | . 1 . . . 1 1 . . . 1 . 1 . . . . . . . . . . . 1 Propulsion 9 | . 2 1 . 2 . . . . . 2 . . . 1 . . . . . . 1 . . . Utility 16 | . . 2 . 2 1 1 1 . . . 1 2 . 1 1 . . . . . 1 . 1 2 Weapon 13 | . . 3 . 7 1 . . . . . . . . . . . . . . . . . . 2 Tool/Special 5 | . . . . 1 . . . . . . 1 1 . . . . . . . . . . . 2 Average Slot Usage (%) 86 | . 99 91 93 87 84 78 85 80 86 78 89 89 88 92 76 77 81 80 79 83 85 85 76 56 Engine 4 | . 14 12 12 2 . . . . 2 . . . . . . . . 1 . . . . . . Core 3 | . . 1 1 9 10 . 4 6 4 10 8 4 . . . 4 1 2 . . . . . . Reactor 3 | . . . . 1 2 12 7 6 3 . 2 5 11 11 7 5 8 3 8 7 8 9 7 6 Treads 14 | . 28 28 22 17 19 20 16 13 21 22 . . . . . . . . . . . . . . Leg 8 | . . . . 2 . . 2 6 3 4 28 26 23 28 17 13 18 21 20 22 22 19 . 4 Device 14 | . 11 6 14 14 16 16 20 26 26 15 18 22 13 17 17 28 23 12 5 13 22 20 16 4 Storage 7 | . 14 6 14 14 6 6 6 6 6 5 5 6 11 5 5 5 5 6 5 4 3 4 4 1 Processor 4 | . . . . . 11 7 5 . . . . . . 2 9 12 4 12 26 18 10 13 16 16 Hackware 1 | . . . . . 4 1 . . . 2 3 . . 10 5 . 3 2 . . . 1 . . Protection 5 | . 1 7 . . 4 4 12 6 7 7 12 14 20 5 7 . 8 10 8 7 4 2 . 2 Energy Cannon 1 | . . 7 1 1 . . . . . . . . . . . . . . . . . . . . Ballistic Gun 3 | . 27 10 1 . . . . . . . . . . . . . . . . . . . . . Ballistic Cannon 1 | . . 6 5 1 . . . . . . . . . . . . . . . . . . . . Launcher 4 | . . . 17 18 . . . . . . . . . . . . . . . . . . . . Slashing Weapon 3 | . . . . 3 6 6 6 6 6 5 5 5 5 5 5 5 5 5 5 7 8 6 4 5 Peak Build Rating 228 | 7 11 29 39 47 78 81 83 77 85 100 90 117 117 118 122 121 122 189 157 165 161 165 145 228 Average Rating 70 | 5 10 17 31 37 73 79 78 77 73 91 86 100 116 111 111 113 116 141 150 154 145 147 131 138 On Entrance 88 | . 7 11 28 32 46 78 81 77 77 74 88 90 117 114 113 110 120 118 146 127 161 146 145 108 Avg Prop Armor Cover (%) 8 | . . . . 8 . . 3 4 3 4 . . . . . . . . . . . 5 . 42 Naked Turns . | . . . . . . . . . . . . . . . . . . . . . . . . . Heaviest Build 129 | 12 50 60 63 65 86 118 118 86 98 109 104 109 109 100 104 89 113 129 81 96 104 115 70 68 Greatest Support 158 | 40 40 43 70 80 122 102 111 88 108 158 101 112 112 129 103 100 106 126 138 142 140 147 70 90 Greatest Overweight (x) 2 | . 1 1 1 2 . 1 1 . 1 1 1 1 . 1 1 . 1 1 . . . 1 1 1 Average Overweight (x) . | . . . . . . . . . . . . . . . . . . . . . . . . . Largest Inventory Capacity 20 | 8 20 20 20 20 20 20 20 20 20 20 20 20 20 20 20 20 20 20 20 20 20 20 20 20 Average Capacity 18 | 7 18 11 20 20 20 20 20 20 20 20 20 20 20 20 20 20 20 20 20 20 19 20 20 6 Most Carried 20 | 2 20 20 20 20 20 20 20 19 20 20 20 20 20 20 20 17 19 20 20 20 20 20 20 18 Average Carried 16 | 1 13 11 19 18 15 19 19 19 17 15 19 19 20 19 19 14 16 17 19 18 19 18 18 6 Final Capacity 20 | 8 20 20 20 20 20 20 20 20 20 20 20 20 20 20 20 20 20 20 20 20 20 20 20 5 Final Carried 20 | 2 20 20 20 20 19 20 19 19 16 20 20 20 20 20 17 13 17 20 17 20 20 20 18 3 Transmogrified Parts 294 | . . 19 30 54 12 8 14 1 10 14 8 7 2 11 14 9 10 19 6 6 14 12 7 7 Integrity Recovered 4962 | . . 153 175 59 105 88 235 5 290 892 99 74 7 378 404 107 412 254 159 296 274 199 27 270 Class Distribution -------------------- 60% | Mutant 12% | Scavenger-Mutant 10% | Subdweller-Mutant 4% | Commander-Mutant 3% | Infiltrator-Mutant 3% | Derelict-Mutant Dominant Class ---------------- Mutant | -10/Materials Subdweller-Mutant | -10/Subcaves Mutant | -8/Recycling Mutant | -8/Scraptown Mutant | -6/Factory Mutant | -6/Lower Caves Mutant | -6/Lower Caves Mutant | -6/Data Miner Infiltrator-Mutant | -5/Proximity Caves Mutant | -5/Factory Commander-Mutant | -5/Extension Scavenger-Mutant | -5/Cetus Scavenger-Mutant | -5/Archives Scavenger-Mutant | -5/Hub_04(d) Scavenger-Mutant | -4/Factory Scavenger-Mutant | -4/Upper Caves Mutant | -4/Upper Caves Commander-Mutant | -4/Warlord Mutant | -3/Proximity Caves Gladiator | -3/Research Mutant | -3/Quarantine Scavenger-Mutant | -2/Research Scavenger-Scout | -2/Testing Alien-Sigix | -2/Section 7 Resources | -11 -10 -10 -8 -8 -6 -6 -6 -6 -5 -5 -5 -5 -5 -5 -4 -4 -4 -4 -3 -3 -3 -2 -2 -2 ----------- Run | Yrd Mat Sub Rec Scr Fac Low Low Dat Pro Fac Ext Cet Arc Hub Fac Upp Upp War Pro Res Qua Res Tes Sec Matter Collected 5909 | 249 629 457 22 . 415 20 60 . 237 341 191 386 33 189 158 188 286 344 126 320 321 684 . 253 Remotely . | . . . . . . . . . . . . . . . . . . . . . . . . . Salvage Created 12053 | 103 628 533 41 . 425 142 67 . 335 760 485 144 33 379 940 376 510 330 585 496 1876 2410 . 455 Parts 629 | 11 40 33 8 . 25 7 5 . 16 40 27 16 4 26 50 23 25 21 19 13 94 95 . 31 Haulers Intercepted 5 | . 1 . . . 1 . . . . 1 . . . 1 . . . . . 1 . . . . Recyclers Shooed 1 | . . . . . . . . . . . . . . . . . . . . . . 1 . . Parts Field Recycled . | . . . . . . . . . . . . . . . . . . . . . . . . . Retrieved Matter . | . . . . . . . . . . . . . . . . . . . . . . . . . Parts Self-Destructed 75 | . . 7 . . . 1 9 . 14 . . . . . . 18 11 . 15 . . . . . Prevented 16 | . . . . . . 4 . . . . . . . . . . 12 . . . . . . . Parts Restored . | . . . . . . . . . . . . . . . . . . . . . . . . . Kills | -11 -10 -10 -8 -8 -6 -6 -6 -6 -5 -5 -5 -5 -5 -5 -4 -4 -4 -4 -3 -3 -3 -2 -2 -2 ------- Run | Yrd Mat Sub Rec Scr Fac Low Low Dat Pro Fac Ext Cet Arc Hub Fac Upp Upp War Pro Res Qua Res Tes Sec Combat Hostiles Destroyed 186 | . 13 10 1 . 7 2 1 . 11 10 3 1 . 4 11 12 9 11 10 6 26 28 . 10 Melee 95 | . . . . . 7 2 1 . 6 8 3 1 . 4 11 4 2 . 4 2 19 21 . . Guns 19 | . 12 4 1 . . . . . . . . . . . . . . . . . . . . 2 Cannons 14 | . . 6 . . . . . . . . . . . . . . . . 2 1 1 2 . 2 AOE 52 | . 1 . . . . . . . 5 2 . . . . . 8 7 10 4 3 4 2 . 6 Classes Destroyed 22 | 2 6 3 1 . 3 1 . . 1 1 . . . . . . . 1 1 . . . . 2 Worker 8 | . 3 . . . . . . . . . . . . 2 1 . . . . . . 1 . 1 Builder 5 | . 1 . . . . . . . . 1 . . . . 1 . . . . . . 2 . . Tunneler 6 | 3 2 . . . . . . . . . . . . . 1 . . . . . . . . . Hauler 5 | . 1 . . . 1 . . . . 1 . . . 1 . . . . . 1 . . . . Recycler 8 | 1 1 . . . . . . . . 1 2 . . . 2 . . . . . . 1 . . Minesweeper 1 | . . . . . . 1 . . . . . . . . . . . . . . . . . . Mechanic 4 | . . . . . 1 . . . . . . . . . 1 . . . . . . 2 . . Operator 2 | . . . . . . . . . . 1 1 . . . . . . . . . . . . . Turret 2 | . . 2 . . . . . . . . . . . . . . . . . . . . . . Watcher 9 | . 2 . . . . . . . . . 1 . . 1 . . . . . 2 3 . . . Swarmer 47 | . 5 2 . . 3 . . . 5 . 1 . . . 4 8 5 2 3 . 5 . . 4 Saboteur 4 | . . . . . . . . . . . . . . . . . . 4 . . . . . . Grunt 56 | . 8 . . . 1 1 . . 2 6 . . . . . . 2 5 3 5 12 11 . . Brawler 3 | . . . . . . . . . 1 . . . . . . . . . 2 . . . . . Duelist 1 | . . . . . . . . . . . . . . . . . . . 1 . . . . . Researcher 2 | . . . . . . . . . . . . . . . . . . . . . . . . 2 Sentry 9 | . . . 1 . 1 1 . . . . 2 . . . . . 1 . 1 . . 2 . . Hunter 15 | . . . . . 1 . 1 . . . . . . 1 3 4 . . . 1 2 2 . . Programmer 38 | . . . . . 1 . . . 3 4 . . . 2 4 . 1 . . . 7 13 . 3 Cetus Guard 1 | . . . . . . . . . . . . 1 . . . . . . . . . . . . Lightning 1 | . . . . . . . . . . . . . . 1 . . . . . . . . . . Tracker 1 | . . . . . . . . . . . . . . . . . . . . . . . . 1 Executioner 2 | . . . . . . . . . . . . . . . . . . . . . . . . 2 Artisan 1 | . . 1 . . . . . . . . . . . . . . . . . . . . . . Subdweller 8 | . . 8 . . . . . . . . . . . . . . . . . . . . . . Best Kill Streak 8 | 3 6 4 1 . 2 2 1 . 5 3 3 1 . 3 5 4 4 8 4 3 8 7 . 4 Combat Bots Only 8 | . 3 2 1 . 2 1 1 . 5 3 2 1 . 2 4 4 4 8 4 3 7 6 . 4 Max Kills in Single Turn 4 | 1 2 1 1 . 1 1 1 . 2 1 1 1 . 1 2 2 3 2 1 3 2 2 . 4 Gunslinging . | . . . . . . . . . . . . . . . . . . . . . . . . . Exploded 4 | . 1 . . . . . . . 2 1 . . . . . 2 3 2 1 3 2 2 . 4 Melee 2 | . . . . . 1 1 1 . 1 1 1 1 . 1 2 1 1 . 1 1 2 1 . . Uniques/NPCs Destroyed 1 | . . . . . . . . . . . . 1 . . . . . . . . . . . . A7 (-5/Cetus) Combat | -11 -10 -10 -8 -8 -6 -6 -6 -6 -5 -5 -5 -5 -5 -5 -4 -4 -4 -4 -3 -3 -3 -2 -2 -2 -------- Run | Yrd Mat Sub Rec Scr Fac Low Low Dat Pro Fac Ext Cet Arc Hub Fac Upp Upp War Pro Res Qua Res Tes Sec Hostile Shots Fired 2119 | . 60 69 6 . 90 45 91 . 83 105 117 42 . 43 181 209 42 123 79 44 182 283 12 213 Missed 660 | . 21 17 2 . 25 12 24 . 23 26 40 11 . 12 55 62 14 51 22 20 78 71 2 72 Deflected 10 | . . . . . . . . . . . . . . . . . . . 2 . 2 5 . 1 Hits 1459 | . 39 52 4 . 65 33 67 . 60 79 77 31 . 31 126 147 28 72 57 24 104 212 10 141 Melee 19 | . . . . . . . . . 11 . . . . . . . . . 8 . . . . . Projectile 1440 | . 39 52 4 . 65 33 67 . 49 79 77 31 . 31 126 147 28 72 49 24 104 212 10 141 AOE 11 | . . . . . . . . . . 1 . . . . 4 . . 5 . . . . . 1 Critical Strikes 85 | . 2 1 . . 1 . 3 . 7 5 4 6 . 1 7 2 2 4 4 3 7 15 . 11 Actively Blocked 9 | . . . . . . . . . . . . . . . 3 2 1 1 1 . 1 . . . Part Disruptions 1 | . . . . . . . . . . 1 . . . . . . . . . . . . . . Damage Taken 25063 | . 405 875 63 . 781 237 1073 . 1388 698 1614 721 . 511 1699 2210 476 1167 1204 483 2175 4682 227 2374 Core 3056 | . 88 67 . . 75 7 59 . 88 48 117 52 . 54 216 226 23 131 122 24 296 511 65 787 Absorbed by Shields 1162 | . . . . . . 96 . . . 42 185 214 . 42 155 . . 287 . 57 13 . . 71 Redirected to Shielding 499 | . 12 . . . 14 . 22 . . . . . . . . . 6 77 60 137 157 . . 14 Ignored by Resistances 2569 | . . . . . . . 106 . 24 924 . . . 225 454 . . . . . . 232 . 604 Regen/Repaired (Parts) 919 | . . . . . . . . . 30 29 . 28 27 . . . 253 189 . . 363 . . . Core Remaining (%) 65 | 100 . . . 38 . . . . 73 . . . . 72 . . . . 37 . 75 . . . Volleys Fired 229 | 15 42 67 4 . . . . . 6 4 7 . . . . 11 7 19 6 3 7 4 . 27 Largest 2 | 2 2 2 2 . . . . . 1 1 1 . . . . 1 1 1 1 1 1 1 . 2 Hottest 300 | 40 46 160 63 . . . . . 30 30 33 . . . . 33 46 46 33 113 113 113 . 300 Shots Fired 339 | 30 83 118 6 . . . . . 6 4 7 . . . . 11 7 19 6 3 7 4 . 28 Gun 186 | 30 82 55 2 . . . . . . . . . . . . . . . . . . 1 . 16 Cannon 77 | . . 63 2 . . . . . . . . . . . . . . . . 2 1 2 . 7 Launcher 73 | . 1 . . . . . . . 6 4 6 . . . . 11 7 19 6 1 6 1 . 5 Special 3 | . . . 2 . . . . . . . 1 . . . . . . . . . . . . . Kinetic 170 | 30 82 54 4 . . . . . . . . . . . . . . . . . . . . . Thermal 77 | . . 64 . . . . . . . . . . . . . . . . . 2 1 3 . 7 Explosive 51 | . 1 . . . . . . . 6 4 6 . . . . 11 2 13 6 1 . 1 . . Electromagnetic 17 | . . . . . . . . . . . . . . . . . 5 6 . . 6 . . . Slashing 16 | . . . . . . . . . . . . . . . . . . . . . . . . 16 Entropic 5 | . . . . . . . . . . . . . . . . . . . . . . . . 5 Robot Hit Streak 23 | 4 10 23 3 . . . . . 1 4 7 . . . . . 1 3 4 6 7 1 . 4 Robot Miss Streak 3 | 2 3 3 1 . . . . . 1 . 1 . . . . 1 2 . 1 . 2 2 . 1 Penetration Max 1 | . . . . . . . . . . . . . . . . . . . . . . . . 1 Secondary Targets 1 | . 1 . . . . . . . . . . . . . . . . . . . . . . . Max Gunslinging Chain 1 | . 1 . . . . . . . . . . . . . . . . . . . . . . . Autonomous 20 | . . . . . . . . . . . . . . . . . . . 3 3 5 5 . 4 Shots Hit Robots 558 | 19 51 60 4 . 19 9 4 . 29 38 27 30 1 28 45 25 10 4 17 12 34 81 . 11 Core Hits 400 | 6 25 23 2 . 7 4 1 . 23 24 14 9 1 7 20 22 15 46 21 13 60 41 . 16 Critical Kills 1 | . . 1 . . . . . . . . . . . . . . . . . . . . . . Critical Parts Destroyed 1 | . . . . . . . . . . . . . . . . . . . . . . . . 1 Critical Strikes 18 | . . 1 . . . . . . 2 2 . 2 . . 4 . . . . . . 4 . 3 Meltdown 1 | . . 1 . . . . . . . . . . . . . . . . . . . . . . Destroy 1 | . . . . . . . . . . . . . . . . . . . . . . . . 1 Melee Attacks 596 | . . . . . 29 10 5 . 38 51 32 31 1 37 67 33 18 1 27 17 55 121 7 16 Impact . | . . . . . . . . . . . . . . . . . . . . . . . . . Slashing 596 | . . . . . 29 10 5 . 38 51 32 31 1 37 67 33 18 1 27 17 55 121 7 16 Piercing . | . . . . . . . . . . . . . . . . . . . . . . . . . Sneak Attacks 58 | . . . . . 2 1 . . . 5 6 21 . 4 8 . . 1 . 2 . 7 . 1 Combat Hostiles 1 | . . . . . . . . . . . . . . . . . . . . 1 . . . . Follow-up Attacks 23 | . . . . . . . . . 2 1 1 2 . . 4 1 . . . . 3 7 . 2 Damage Inflicted 34436 | 196 857 1427 76 . 917 385 184 . 1707 2122 1644 1560 90 1285 2047 1500 969 2472 1483 1425 3288 5509 . 3293 Guns 1863 | 196 783 516 40 . . . . . . . . . . . . . . . . . . 27 . 301 Cannons 3278 | . . 911 22 . . . . . . . . . . . . . . . 285 306 365 435 . 954 Explosions 8843 | . 61 . . . . . . . 741 387 427 . . . . 503 586 2389 535 332 1172 183 . 1527 Melee 20404 | . . . . . 917 385 184 . 966 1735 1217 1560 90 1285 2047 997 383 83 663 787 1751 4859 . 495 Ramming 48 | . 13 . 14 . . . . . . . . . . . . . . . . . . 5 . 16 Kinetic 1557 | 196 783 516 62 . . . . . . . . . . . . . . . . . . . . . Thermal 1681 | . . 911 . . . . . . . . . . . . . . . 103 . 40 . 27 . 600 Explosive 5457 | . 61 . . . . . . . 741 387 427 . . . . 503 255 1964 535 332 . 183 . 69 Electromagnetic 1825 | . . . . . . . . . . . . . . . . . 331 322 . . 1172 . . . Impact . | . . . . . . . . . . . . . . . . . . . . . . . . . Slashing 20705 | . . . . . 917 385 184 . 966 1735 1217 1560 90 1285 2047 997 383 83 663 787 1751 4859 . 796 Piercing . | . . . . . . . . . . . . . . . . . . . . . . . . . Entropic 1458 | . . . . . . . . . . . . . . . . . . . . . . . . 1458 Phasic 1705 | . . . . . . . . . . . . . . . . . . . 285 266 365 435 . 354 Highest Corruption 23 | . . . . . 1 . . . 20 1 1 1 1 13 7 7 23 23 4 1 18 17 17 21 Average Corruption 7 | . . . . . 1 . . . 16 1 1 1 1 6 3 7 13 15 4 1 8 9 17 19 Corruption Purged 6 | . . . . . 1 . . . 5 . . . . . . . . . . . . . . . Corruption Blocked . | . . . . . . . . . . . . . . . . . . . . . . . . . Effects 220 | . . . . . 3 . . . 24 . 8 2 . 27 8 17 37 3 . 2 21 30 14 24 Message Errors 46 | . . . . . . . . . 3 . 2 . . 5 2 5 8 1 . . 8 6 4 2 Matter Fused 58 | . . . . . 1 . . . 7 . 2 1 . 8 2 4 7 . . 1 6 10 4 5 Heat Flow Errors 29 | . . . . . . . . . 4 . 2 . . 6 . 1 6 . . . 3 4 1 2 Energy Discharges 30 | . . . . . 2 . . . 5 . 1 . . 3 2 1 5 2 . 1 2 1 3 2 Parts Rejected 3 | . . . . . . . . . 1 . . . . . . . 1 . . . . . . 1 Parts Fused 3 | . . . . . . . . . . . . . . . . 1 1 . . . . 1 . . Data Loss (minor) 27 | . . . . . . . . . 3 . 1 . . 3 2 4 5 . . . 1 4 . 4 Data Loss (major) 8 | . . . . . . . . . 1 . . 1 . 1 . 1 2 . . . . 1 . 1 Alerts 7 | . . . . . . . . . . . . . . 1 . . 2 . . . . 3 1 . Misdirections 8 | . . . . . . . . . . . . . . . . . . . . . 1 . 1 6 Weapon Failures 1 | . . . . . . . . . . . . . . . . . . . . . . . . 1 Overload Shots . | . . . . . . . . . . . . . . . . . . . . . . . . . Overflow Damage 2018 | . . . . . 73 . . . 62 198 201 8 . 110 195 37 66 . 35 49 158 498 . 328 Projectiles 309 | . . . . . . . . . . . . . . . . . . . . . 36 107 . 166 Explosions 209 | . . . . . . . . . 33 . . . . . . 15 3 . 11 . . . . 147 Melee 1500 | . . . . . 73 . . . 29 198 201 8 . 110 195 22 63 . 24 49 122 391 . 15 Knockbacks . | . . . . . . . . . . . . . . . . . . . . . . . . . Impact . | . . . . . . . . . . . . . . . . . . . . . . . . . Kinetic . | . . . . . . . . . . . . . . . . . . . . . . . . . Secondary . | . . . . . . . . . . . . . . . . . . . . . . . . . Self-Inflicted Damage 319 | . . . . . . . . . 2 . . . . . . 46 . 30 . . 27 48 . 166 Shots 8 | . . . . . . . . . 1 . . . . . . 1 . 1 . . 3 1 . 1 Rammed 6 | . 1 . 3 . . . . . . . . . . . . . . . . . . . . 2 Targets Rammed 8 | 1 1 . 3 . . . . . . . . . . . . . . . . . . 1 . 2 Kicked 1 | . . . . . . . . . . . . . . . . . . . . . . 1 . . Crushed 1 | 1 . . . . . . . . . . . . . . . . . . . . . . . . Highest Temperature 257 | . 22 39 36 . 2 . 26 . 244 18 254 . . 213 . 161 138 41 9 65 255 257 143 212 Average Temperature 41 | . 4 20 19 . 2 . 16 . 69 1 93 . . 89 . 45 47 25 7 31 74 92 32 59 Received Heat Transfer 3267 | . 174 222 18 . 72 84 323 . 108 143 343 78 . . 36 . 21 302 174 125 402 585 27 30 Effects 1 | . . . . . . . . . . . . . . . . . . . . . 1 . . . Energy Bleed 1 | . . . . . . . . . . . . . . . . . . . . . 1 . . . Siege Activations . | . . . . . . . . . . . . . . . . . . . . . . . . . Martial Activations . | . . . . . . . . . . . . . . . . . . . . . . . . . Shielding Activations . | . . . . . . . . . . . . . . . . . . . . . . . . . Robots Disrupted 4 | . . . . . . . . . . . . . . . 2 . . . . . 2 . . . Combat Hostiles 4 | . . . . . . . . . . . . . . . 2 . . . . . 2 . . . Robots Corrupted 3 | . . . . . . . . . . . . . . . . . . 1 . . 2 . . . Combat Hostiles 3 | . . . . . . . . . . . . . . . . . . 1 . . 2 . . . Parts Fried 15 | . . . . . . 1 . . . . . . . . 1 . . . . . 13 . . . Impact Corruptions . | . . . . . . . . . . . . . . . . . . . . . . . . . Robots Melted 1 | . . 1 . . . . . . . . . . . . . . . . . . . . . . Combat Hostiles . | . . . . . . . . . . . . . . . . . . . . . . . . . Parts Melted 5 | . . 3 . . . . . . . . . . . . . . . 1 1 . . . . . Heat Transferred 1395 | . . 1221 . . . . . . . . . . . . . . . 100 . 37 . 37 . . Parts Sabotaged . | . . . . . . . . . . . . . . . . . . . . . . . . . Parts Stolen . | . . . . . . . . . . . . . . . . . . . . . . . . . Parts Stripped 32 | . . . . . . . . . . . . . . . . . . . . . . 20 . 12 Power Chain Reactions 3 | . . . . . . . . . . . . . . . . . . 3 . . . . . . Alert | -11 -10 -10 -8 -8 -6 -6 -6 -6 -5 -5 -5 -5 -5 -5 -4 -4 -4 -4 -3 -3 -3 -2 -2 -2 ------- Run | Yrd Mat Sub Rec Scr Fac Low Low Dat Pro Fac Ext Cet Arc Hub Fac Upp Upp War Pro Res Qua Res Tes Sec Maximum Alert Level 5 | . . . . . . . . . . 2 3 2 1 1 . . . . . . 1 2 1 5 Low Security (%) 70 | 100 100 . 100 . 100 . . . . 82 3 1 80 99 100 . . . . 100 70 9 . 18 Level 1 21 | . . . . . . . . . . 7 70 91 19 . . . . . . . 29 66 100 5 Level 2 6 | . . . . . . . . . . 9 19 7 . . . . . . . . . 23 . 39 Level 3 . | . . . . . . . . . . . 5 . . . . . . . . . . . . . Level 4 . | . . . . . . . . . . . . . . . . . . . . . . . . . Level 5 . | . . . . . . . . . . . . . . . . . . . . . . . . . High Security . | . . . . . . . . . . . . . . . . . . . . . . . . . Max Security 1 | . . . . . . . . . . . . . . . . . . . . . . . . 36 Peak Influence 2120 | 5 170 . 30 . 95 . . . . 420 722 420 252 208 198 . . . . 155 381 460 338 2120 Initial 390 | . . . . . . . . . . . 193 390 100 81 16 . . . . 57 55 202 243 189 Average 163 | . 93 . 1 . 21 . . . . 107 382 320 122 97 46 . . . . 81 170 322 303 932 Influence Increases 9112 | 20 463 125 121 . 241 90 20 . 275 836 1249 272 192 425 423 280 205 280 235 324 856 925 245 1010 Destroy 0b10 Robot/C 4780 | . 260 80 20 . 140 40 20 . 220 460 600 160 100 120 240 240 180 240 200 140 520 560 . 240 Destroy 0b10 Robot/NC 295 | 20 50 . . . 10 5 . . . 30 40 10 10 20 30 . 5 . . 15 15 30 . 5 Destroy Leader 716 | . 66 . . . 40 . . . 40 82 74 . . 42 50 40 20 . 20 26 76 100 . 40 Allied During Kill 695 | . . . . . . . . . . 113 390 86 59 30 3 . . 10 . 4 . . . . Successful Hack 430 | . 26 . 10 . . . . . . 56 28 . . 12 26 . . . . 42 94 16 104 16 Select Force Hacks 240 | . . . 90 . . . . . . . . . . 150 . . . . . . . . . . Disable Machine 420 | . 30 . . . . . . . . 15 15 . 15 . . . . . . 15 60 60 . 210 Destroy Structure 816 | . 1 . 1 . 6 . . . . 50 72 16 8 36 14 . . . . 82 16 114 21 379 Partial Spotted 120 | . . . . . . . . . . . . . . 15 30 . . . . . 15 15 15 30 Lose Combat Pursuer 600 | . 30 45 . . 45 45 . . 15 30 30 . . . 30 . . 30 15 . 60 30 105 90 Influence Decreases 8123 | 20 358 230 121 . 241 90 20 . 275 440 947 718 212 623 259 444 211 98 359 311 594 853 340 359 Entered New Map 1773 | . . 51 . . . . . . . . 203 308 152 151 18 74 7 28 210 29 44 159 190 149 Time Decay 5034 | 20 358 179 121 . 231 90 20 . 197 360 464 270 40 422 211 286 204 36 79 282 430 464 130 140 Lost Part 762 | . . . . . 10 . . . 78 . 40 20 . 10 30 54 . 10 70 . 120 230 20 70 Lost Ally 554 | . . . . . . . . . . 80 240 120 20 40 . 30 . 24 . . . . . . Squads Dispatched 55 | . 2 . . . 1 . . . . 7 3 . . 6 4 . . . . 5 5 5 2 15 Investigation 12 | . 2 . . . . . . . . 2 1 . . 5 . . . . . 2 . . . . Extermination 16 | . . . . . 1 . . . . 2 . . . 1 2 . . . . . 3 5 1 1 Reinforcement 14 | . . . . . . . . . . 3 2 . . . 2 . . . . 3 2 . 1 1 Assault 12 | . . . . . . . . . . . . . . . . . . . . . . . . 12 Garrison . | . . . . . . . . . . . . . . . . . . . . . . . . . Intercept 1 | . . . . . . . . . . . . . . . . . . . . . . . . 1 Searches Triggered . | . . . . . . . . . . . . . . . . . . . . . . . . . Data Miner Redirects 1 | . . . . . . . . . . . 1 . . . . . . . . . . . . . Construction Impeded . | . . . . . . . . . . . . . . . . . . . . . . . . . Haulers Reinforced 1 | . . . . . . . . . . 1 . . . . . . . . . . . . . . Active Scanning Responses . | . . . . . . . . . . . . . . . . . . . . . . . . . Cargo Convoy Interrupts . | . . . . . . . . . . . . . . . . . . . . . . . . . Stealth | -11 -10 -10 -8 -8 -6 -6 -6 -6 -5 -5 -5 -5 -5 -5 -4 -4 -4 -4 -3 -3 -3 -2 -2 -2 --------- Run | Yrd Mat Sub Rec Scr Fac Low Low Dat Pro Fac Ext Cet Arc Hub Fac Upp Upp War Pro Res Qua Res Tes Sec Distress Signals 19 | . 1 . . . . . . . . 1 1 2 . 2 1 . . . . 7 1 . . 3 Communications Jammed 332 | . . . . . . . . . . . 254 . . . . . . 73 . . 5 . . . Distress Signals 332 | . . . . . . . . . . . 254 . . . . . . 73 . . 5 . . . Times Spotted 379 | . 20 13 1 . 11 5 10 . 12 20 29 10 . 13 24 10 8 44 10 14 37 31 11 46 Peak Tracking Total 20 | . 6 4 1 . 4 1 5 . 5 3 4 5 . 2 6 4 5 9 4 4 8 7 6 20 Tactical Retreats 24 | . 2 1 . . 1 3 . . 1 1 1 . . . 2 . . 1 1 . 2 2 2 4 Traps | -11 -10 -10 -8 -8 -6 -6 -6 -6 -5 -5 -5 -5 -5 -5 -4 -4 -4 -4 -3 -3 -3 -2 -2 -2 ------- Run | Yrd Mat Sub Rec Scr Fac Low Low Dat Pro Fac Ext Cet Arc Hub Fac Upp Upp War Pro Res Qua Res Tes Sec Traps Triggered 16 | . 2 4 . . 1 . . . . 2 1 . . 3 . . . . . . 1 1 1 . Indirectly 1 | . . . . . . . . . . . . . . . . . . . . . 1 . . . Trap Hack Attempts . | . . . . . . . . . . . . . . . . . . . . . . . . . Triggered . | . . . . . . . . . . . . . . . . . . . . . . . . . Disarmed . | . . . . . . . . . . . . . . . . . . . . . . . . . Reprogrammed . | . . . . . . . . . . . . . . . . . . . . . . . . . Reused . | . . . . . . . . . . . . . . . . . . . . . . . . . Traps Extracted . | . . . . . . . . . . . . . . . . . . . . . . . . . Installed . | . . . . . . . . . . . . . . . . . . . . . . . . . Triggered . | . . . . . . . . . . . . . . . . . . . . . . . . . Most Traps Carried 3 | . . . . . . 3 3 2 2 2 2 2 2 2 2 2 2 2 2 2 . . . . Machines | -11 -10 -10 -8 -8 -6 -6 -6 -6 -5 -5 -5 -5 -5 -5 -4 -4 -4 -4 -3 -3 -3 -2 -2 -2 ---------- Run | Yrd Mat Sub Rec Scr Fac Low Low Dat Pro Fac Ext Cet Arc Hub Fac Upp Upp War Pro Res Qua Res Tes Sec Machines Disabled 35 | . 2 1 . . . . . . . 1 2 . 1 . . . . . . 1 4 4 . 19 Max in Single Turn 3 | . 1 1 . . . . . . . 1 1 . . . . . . . . 1 1 1 . 3 Garrison Access 2 | . . . . . . . . . . . . . . 1 . . . . . 1 . . . . Network Hub 4 | . . . . . . . . . . . . . . 4 . . . . . . . . . . Machines Repaired . | . . . . . . . . . . . . . . . . . . . . . . . . . Machines Dismantled . | . . . . . . . . . . . . . . . . . . . . . . . . . Machines Sabotaged 3 | . . . . . . . . . . . . . . 3 . . . . . . . . . . Overloaded Fab Kills . | . . . . . . . . . . . . . . . . . . . . . . . . . Hacking | -11 -10 -10 -8 -8 -6 -6 -6 -6 -5 -5 -5 -5 -5 -5 -4 -4 -4 -4 -3 -3 -3 -2 -2 -2 --------- Run | Yrd Mat Sub Rec Scr Fac Low Low Dat Pro Fac Ext Cet Arc Hub Fac Upp Upp War Pro Res Qua Res Tes Sec Machines Accessed 76 | . 8 2 9 2 5 . . 3 . 7 7 1 1 5 2 1 . 2 . 2 9 4 4 2 Terminals 48 | . 8 . 6 . 2 . . . . 3 7 1 . 4 2 . . . . . 5 4 4 2 Fabricators 5 | . . . . . 1 . . . . 3 . . . . . . . . . 1 . . . . Repair Stations 3 | . . . . . 1 . . . . . . . . . . . . . . . 2 . . . Recycling Units 4 | . . . 3 . . . . . . 1 . . . . . . . . . . . . . . Scanalyzers 2 | . . . . . . . . . . . . . . . . . . . . . 2 . . . Garrison Access 3 | . . . . . 1 . . . . . . . . 1 . . . . . 1 . . . . Total Hacks 276 | . 24 12 19 8 8 . . 22 . 13 19 1 25 7 14 1 . 2 . 15 31 23 24 8 Successful 151 | . 11 12 10 8 3 . . 22 . 9 12 . 25 6 4 1 . 2 . 6 8 3 8 1 Failed 125 | . 13 . 9 . 5 . . . . 4 7 1 . 1 10 . . . . 9 23 20 16 7 Catastrophic 34 | . 1 . . . 1 . . . . 1 1 1 . . 2 . . . . 1 7 12 7 . Database Lockouts . | . . . . . . . . . . . . . . . . . . . . . . . . . Manual 110 | . 19 . 17 2 3 . . . . 8 6 1 . 6 7 . . 1 . 5 8 2 17 8 Terminals 161 | . 24 . 16 . 2 . . . . 6 19 1 . 6 14 . . . . . 18 23 24 8 Fabricators 21 | . . . . . 3 . . . . 5 . . . . . . . . . 13 . . . . Repair Stations 7 | . . . . . 1 . . . . . . . . . . . . . . . 6 . . . Recycling Units 5 | . . . 3 . . . . . . 2 . . . . . . . . . . . . . . Scanalyzers 7 | . . . . . . . . . . . . . . . . . . . . . 7 . . . Garrison Access 5 | . . . . . 2 . . . . . . . . 1 . . . . . 2 . . . . Terminal Hacks 98 | . 5 12 1 8 . . . 22 . 2 9 . 25 . 3 1 . 2 . . 2 3 3 . Record 42 | . . 11 . . . . . 6 . . . . 25 . . . . . . . . . . . Part Schematic 12 | . . . . . . . . 10 . . 2 . . . . . . . . . . . . . Robot Schematic 3 | . . . . . . . . 3 . . . . . . . . . . . . . . . . Robot Analysis 7 | . . . . 7 . . . . . . . . . . . . . . . . . . . . Prototype ID Bank 4 | . . . . . . . . 3 . . 1 . . . . . . . . . . . . . Open Door 4 | . . . . 1 . . . . . . . . . . . 1 . 2 . . . . . . Level Access Points 1 | . . . . . . . . . . . . . . . . . . . . . . . 1 . Branch Access Points 4 | . 1 . . . . . . . . 1 . . . . 1 . . . . . . 1 . . Terminal Index 2 | . 1 . 1 . . . . . . . . . . . . . . . . . . . . . Alert Level 9 | . . . . . . . . . . 1 3 . . . 1 . . . . . 1 2 1 . Dispatch Records 1 | . 1 . . . . . . . . . . . . . . . . . . . . . . . Recall Reinforcements 1 | . . . . . . . . . . . 1 . . . . . . . . . . . . . Hauler Manifests 1 | . 1 . . . . . . . . . . . . . . . . . . . . . . . Registered Components 4 | . 1 . . . . . . . . . 1 . . . . . . . . . 1 . 1 . Zone Layout 2 | . . . . . . . . . . . 1 . . . 1 . . . . . . . . . Proto ID Catalog 1 | . . 1 . . . . . . . . . . . . . . . . . . . . . . Fabricator Hacks 7 | . . . . . 1 . . . . 3 . . . . . . . . . 3 . . . . Network Status 3 | . . . . . 1 . . . . 1 . . . . . . . . . 1 . . . . Load Schematic 2 | . . . . . . . . . . 1 . . . . . . . . . 1 . . . . Build 2 | . . . . . . . . . . 1 . . . . . . . . . 1 . . . . Repair Station Hacks 3 | . . . . . . . . . . . . . . . . . . . . . 3 . . . Scan Component 2 | . . . . . . . . . . . . . . . . . . . . . 2 . . . Repair 1 | . . . . . . . . . . . . . . . . . . . . . 1 . . . Recycling Unit Hacks . | . . . . . . . . . . . . . . . . . . . . . . . . . Scanalyzer 1 | . . . . . . . . . . . . . . . . . . . . . 1 . . . Retrieve Study 1 | . . . . . . . . . . . . . . . . . . . . . 1 . . . Garrison Access Hacks 2 | . . . . . . . . . . . . . . 1 . . . . . 1 . . . . Seal Access 2 | . . . . . . . . . . . . . . 1 . . . . . 1 . . . . Unauthorized Hacks 39 | . 6 . 9 . 2 . . . . 4 3 . . 5 1 . . . . 2 2 . 4 1 Terminals 30 | . 6 . 6 . . . . . . 2 3 . . 5 1 . . . . . 2 . 4 1 Assimilate 3 | . . . . . . . . . . . 1 . . . 1 . . . . . . . 1 . Botnet 14 | . 2 . 2 . . . . . . 1 2 . . 1 . . . . . . 2 . 3 1 Skim 9 | . 4 . 4 . . . . . . 1 . . . . . . . . . . . . . . Sabotage 4 | . . . . . . . . . . . . . . 4 . . . . . . . . . . Fabricators 4 | . . . . . 1 . . . . 1 . . . . . . . . . 2 . . . . Liberate 2 | . . . . . . . . . . 1 . . . . . . . . . 1 . . . . Haulers 2 | . . . . . 1 . . . . . . . . . . . . . . 1 . . . . Repair Stations 1 | . . . . . 1 . . . . . . . . . . . . . . . . . . . Mechanics 1 | . . . . . 1 . . . . . . . . . . . . . . . . . . . Recycling Units 4 | . . . 3 . . . . . . 1 . . . . . . . . . . . . . . Tunnel 3 | . . . 3 . . . . . . . . . . . . . . . . . . . . . Scrapoids 1 | . . . . . . . . . . 1 . . . . . . . . . . . . . . Scanalyzers . | . . . . . . . . . . . . . . . . . . . . . . . . . Garrison Access . | . . . . . . . . . . . . . . . . . . . . . . . . . Data Cores Recovered . | . . . . . . . . . . . . . . . . . . . . . . . . . Used . | . . . . . . . . . . . . . . . . . . . . . . . . . Hacking Detections 53 | . 8 . 6 . 5 . . . . 7 4 1 . 2 2 . . . . 1 8 4 4 1 Full Trace Events 2 | . . . . . . . . . . . 1 . . . . . . . . 1 . . . . Feedback Events . | . . . . . . . . . . . . . . . . . . . . . . . . . Feedback Blocked . | . . . . . . . . . . . . . . . . . . . . . . . . . Robot Schematics Acquired 4 | . . . . . . . . 3 . . . . . . . . . . . . . . . 1 Robots Built 3 | . . . . . . . . . . 3 . . . . . . . . . . . . . . Authchips . | . . . . . . . . . . . . . . . . . . . . . . . . . Time 76 | . . . . . . . . . . 76 . . . . . . . . . . . . . . Total Robot Build Rating 15 | . . . . . . . . . . 15 . . . . . . . . . . . . . . Part Schematics Acquired 12 | . . . . . . . . 10 . . 2 . . . . . . . . . . . . . Parts Built 1 | . . . . . . . . . . . . . . . . . . . . 1 . . . . Authchips . | . . . . . . . . . . . . . . . . . . . . . . . . . Time 84 | . . . . . . . . . . . . . . . . . . . . 84 . . . . Total Part Build Rating 6 | . . . . . . . . . . . . . . . . . . . . 6 . . . . Part Studies Acquired 1 | . . . . . . . . . . . . . . . . . . . . . 1 . . . Parts Repaired 1 | . . . . . . . . . . . . . . . . . . . . . 1 . . . Time 13 | . . . . . . . . . . . . . . . . . . . . . 13 . . . Parts Recycled . | . . . . . . . . . . . . . . . . . . . . . . . . . Recycled Matter . | . . . . . . . . . . . . . . . . . . . . . . . . . Retrieved Matter . | . . . . . . . . . . . . . . . . . . . . . . . . . Retrieved Components . | . . . . . . . . . . . . . . . . . . . . . . . . . Parts Scanalyzed . | . . . . . . . . . . . . . . . . . . . . . . . . . Part Schematics Acquired . | . . . . . . . . . . . . . . . . . . . . . . . . . Parts Damaged . | . . . . . . . . . . . . . . . . . . . . . . . . . Bothacking | -11 -10 -10 -8 -8 -6 -6 -6 -6 -5 -5 -5 -5 -5 -5 -4 -4 -4 -4 -3 -3 -3 -2 -2 -2 ------------ Run | Yrd Mat Sub Rec Scr Fac Low Low Dat Pro Fac Ext Cet Arc Hub Fac Upp Upp War Pro Res Qua Res Tes Sec Used RIF Installer . | . . . . . . . . . . . . . . . . . . . . . . . . . Robots Hacked . | . . . . . . . . . . . . . . . . . . . . . . . . . Non-combat . | . . . . . . . . . . . . . . . . . . . . . . . . . Combat . | . . . . . . . . . . . . . . . . . . . . . . . . . Robot Hacks Applied . | . . . . . . . . . . . . . . . . . . . . . . . . . Relay Couplers Released . | . . . . . . . . . . . . . . . . . . . . . . . . . Fabnet Peak Effective % . | . . . . . . . . . . . . . . . . . . . . . . . . . Robots Rewired 15 | . . . . . . . . . . . 9 . . . 1 . . 5 . . . . . . Allies Hacked . | . . . . . . . . . . . . . . . . . . . . . . . . . Hacks Repelled . | . . . . . . . . . . . . . . . . . . . . . . . . . Allies | -11 -10 -10 -8 -8 -6 -6 -6 -6 -5 -5 -5 -5 -5 -5 -4 -4 -4 -4 -3 -3 -3 -2 -2 -2 -------- Run | Yrd Mat Sub Rec Scr Fac Low Low Dat Pro Fac Ext Cet Arc Hub Fac Upp Upp War Pro Res Qua Res Tes Sec Total Allies 37 | . . . . . . . . . . 8 17 5 . . 2 . . 5 . . . . . . Largest Group 12 | . . . . . . . . . . 5 12 8 3 2 2 2 . 5 . . . . . . Highest-Rated Group 717 | . . . . . . . . . . 238 393 717 231 192 75 75 . 275 . . . . . . Highest-Rated Ally 159 | . . . . . . . . . . 50 159 159 96 96 49 49 . 64 . . . . . . Initial UFD Resources 32 | . . . . . 22 22 22 22 26 26 23 23 23 23 25 25 25 25 28 28 28 32 32 32 Total Orders 6 | . . . . . . . . . . . . 2 . . . 2 . 1 . 1 . . . . STAY 1 | . . . . . . . . . . . . 1 . . . . . . . . . . . . FOLLOW 1 | . . . . . . . . . . . . 1 . . . . . . . . . . . . EXPLORE 2 | . . . . . . . . . . . . . . . . 2 . . . . . . . . RETURN 2 | . . . . . . . . . . . . . . . . . . 1 . 1 . . . . Ally Attacks 412 | . . . . . . . . . . 84 184 81 14 22 4 1 . 15 . 7 . . . . Total Damage 11082 | . . . . . . . . . . 1561 4690 2424 565 992 171 23 . 566 . 90 . . . . Kills 68 | . . . . . . . . . . 15 32 10 5 2 1 . . 2 . 1 . . . . Allies Corrupted 2 | . . . . . . . . . . . . . . 1 . . . 1 . . . . . . Allies Melted . | . . . . . . . . . . . . . . . . . . . . . . . . . Intel | -11 -10 -10 -8 -8 -6 -6 -6 -6 -5 -5 -5 -5 -5 -5 -4 -4 -4 -4 -3 -3 -3 -2 -2 -2 ------- Run | Yrd Mat Sub Rec Scr Fac Low Low Dat Pro Fac Ext Cet Arc Hub Fac Upp Upp War Pro Res Qua Res Tes Sec Active Infowar (turns) 13165 | 32 1027 568 . . 909 330 1052 21 969 60 876 . 33 929 834 640 1014 512 . 617 1074 1088 269 311 Optics 4565 | . . . . . 749 . 513 . . . . . . 565 834 640 266 . . . 688 177 . 133 Sensors 2516 | . . . . . . . . . 545 . . . . . 18 259 . . . 617 485 145 269 178 Terrain 178 | . . . . . . . . . . . . . . . . . . . . . . 178 . . Structural 444 | . . . . . . . . . . . . . . . 1 170 . . . . . 273 . . Traps 112 | . . . . . 112 . . . . . . . . . . . . . . . . . . . Seismic 2909 | 32 1027 568 . . 757 . . . . . . . . . 525 . . . . . . . . . Machine Analysis 793 | . . . . . 47 . . . . . . . . . . . . . . . . 512 234 . Triangulation 1396 | . . . . . . 260 . . 706 . . . . . . . . . . . . 342 88 . Cloaking 2123 | . . . . . . . . . . . . . 33 364 22 358 1008 223 . . 60 13 42 . Spoofing 183 | . . . . . 149 25 . . . . . . . . . 9 . . . . . . . . Jamming 3938 | . . . . . . 102 1052 . 179 60 876 . . . . . . 289 . . 804 576 . . ECM 45 | . . . . . . . . 21 24 . . . . . . . . . . . . . . . Robot Analysis Total 7 | . . . . 7 . . . . . . . . . . . . . . . . . . . . Derelict Logs Recovered 14 | . . 1 . 4 . 2 2 . 1 . . . . . . 2 2 . . . . . . . Drone Launches 6 | . . . . . . . . . . . . . . . . 3 . 1 . 2 . . . . Drone Recoveries 6 | . . . . . . . . . . . . . . . . 3 . 1 . 2 . . . . Exploration | -11 -10 -10 -8 -8 -6 -6 -6 -6 -5 -5 -5 -5 -5 -5 -4 -4 -4 -4 -3 -3 -3 -2 -2 -2 ------------- Run | Yrd Mat Sub Rec Scr Fac Low Low Dat Pro Fac Ext Cet Arc Hub Fac Upp Upp War Pro Res Qua Res Tes Sec Turns Passed 30774 | 148 1222 6024 2513 4564 996 942 1096 123 1281 1105 1174 599 94 1039 834 640 1014 1192 541 652 1074 1176 269 462 Spaces Moved 16083 | 62 450 2330 653 2358 544 513 555 75 601 585 690 220 64 579 442 377 552 802 386 410 687 905 536 707 Core 167 | 6 . . . . . . . . . . . . . . . . . . . . . . . 161 Treads 8612 | 56 450 2330 653 2358 544 513 555 75 601 476 . . . . . . . . . . . . . 1 Legs 6060 | . . . . . . . . . . 109 690 220 64 579 442 377 552 802 386 410 687 502 . 240 Wheels . | . . . . . . . . . . . . . . . . . . . . . . . . . Hover 1244 | . . . . . . . . . . . . . . . . . . . . . . 403 536 305 Flight . | . . . . . . . . . . . . . . . . . . . . . . . . . Fastest Speed 30 | 50 160 160 160 145 155 158 158 165 150 120 120 110 117 117 117 126 114 107 105 106 93 33 35 30 Average Speed 146 | 149 225 178 239 175 157 161 190 165 188 147 122 131 117 120 132 131 170 119 111 110 108 77 36 40 Slowest Speed 360 | 160 240 260 255 360 158 238 245 165 245 190 192 192 117 176 250 140 216 186 117 117 117 180 96 160 Overloaded Moves 53 | . . . . . . . . . . . . . . . . . . . . . . . 53 . Propulsion Burnouts . | . . . . . . . . . . . . . . . . . . . . . . . . . Robots Hopped . | . . . . . . . . . . . . . . . . . . . . . . . . . Potential Cave-ins . | . . . . . . . . . . . . . . . . . . . . . . . . . Cave-ins Triggered . | . . . . . . . . . . . . . . . . . . . . . . . . . Teleports 2 | . . . . . . . . . . . . . . . . . . . . . . . . 2 Exploration Rate (%) 55 | 3 84 80 92 85 19 55 71 68 76 14 85 57 68 26 13 56 72 89 54 12 76 22 56 53 Regions Visited 24 Branch Regions 18 Pre-discovered Areas 12 | . . 1 3 2 . 2 1 1 . . . . . . . 1 1 . . . . . . . Known Exits Taken 9 | . . . . . 1 . 1 . 1 1 . . . . 1 . . . . 1 1 1 1 . Unknown Exits Taken 15 | 1 1 1 1 1 . 1 . 1 . . 1 1 1 1 . 1 1 1 1 . . . . . Scrap Searched 20 | . . 4 . 3 . 2 3 . 2 . . . . . . 2 3 . 1 . . . . . Spaces Dug 256 | . . . . . 6 . 1 . 13 15 6 . . 6 7 11 1 18 5 5 8 38 7 109 Terrain Destroyed 530 | . . 2 1 . 6 . 1 . 53 21 24 . . 6 7 77 14 66 40 42 8 39 7 116 Melee 64 | . . . . . 6 . 1 . 4 7 . . . 6 7 1 1 . 5 4 7 6 7 2 Projectile 21 | . . 2 1 . . . . . . . . . . . . . . . . 1 1 1 . 15 AOE 445 | . . . . . . . . . 49 14 24 . . . . 76 13 66 35 37 . 32 . 99 Terrain Rammed . | . . . . . . . . . . . . . . . . . . . . . . . . . Walls Destroyed . | . . . . . . . . . . . . . . . . . . . . . . . . . Machines Disabled . | . . . . . . . . . . . . . . . . . . . . . . . . . Actions | -11 -10 -10 -8 -8 -6 -6 -6 -6 -5 -5 -5 -5 -5 -5 -4 -4 -4 -4 -3 -3 -3 -2 -2 -2 --------- Run | Yrd Mat Sub Rec Scr Fac Low Low Dat Pro Fac Ext Cet Arc Hub Fac Upp Upp War Pro Res Qua Res Tes Sec Total 22260 | 86 571 4068 1591 2785 642 616 587 74 692 755 978 491 81 867 606 471 600 1024 458 585 943 1242 604 843 Wait 4281 | . 34 1563 927 386 41 83 13 . 22 51 109 200 15 222 66 31 1 116 28 105 109 83 50 26 Move 16059 | 61 449 2329 652 2357 543 512 554 74 600 584 689 219 63 578 441 376 551 801 385 409 686 904 535 707 Hop . | . . . . . . . . . . . . . . . . . . . . . . . . . Pick Up 202 | 2 22 39 1 21 10 3 2 . 6 16 3 9 . 6 4 . 6 1 . 7 25 13 2 4 Fast Attach 183 | 7 . 6 . 1 3 2 5 . 3 11 4 10 . 8 5 5 6 3 2 18 19 48 . 17 Attach 100 | . 1 . 1 . 7 . 1 . 11 7 5 3 . 3 5 9 4 6 6 1 4 17 2 7 Detach 104 | . 1 . . 2 1 2 5 . 3 9 6 1 . 2 8 5 4 19 3 5 2 16 4 6 Swap 101 | . 15 15 . . 5 1 . . 3 10 5 4 . 5 5 2 . 4 1 6 7 11 1 1 Drop 199 | . 6 34 . 18 3 3 2 . 2 13 6 16 . 6 1 . 1 . . 14 14 31 3 26 Fire 229 | 15 42 67 4 . . . . . 6 4 7 . . . . 11 7 19 6 3 7 4 . 27 Melee 572 | . . . . . 29 10 5 . 36 50 30 29 1 37 63 32 18 1 27 17 52 114 7 14 Ram 2 | . . . . . . . . . . . . . . . . . . . . . . . . 2 Kick 1 | . . . . . . . . . . . . . . . . . . . . . . 1 . . Crush 5 | 1 1 . 3 . . . . . . . . . . . . . . . . . . . . . Escape Stasis 6 | . . . . . . . . . . . . . . . . . . . . . . . . 6 Rewire 201 | . . . 3 . . . . . . . 114 . 2 . 8 . 2 54 . . 18 . . . Trap . | . . . . . . . . . . . . . . . . . . . . . . . . . Miscellaneous 15 | . . 15 . . . . . . . . . . . . . . . . . . . . . . Route ------- -11/Scrapyard -10/Materials (discovered 5 exits: [*Mat x3] / Min / *Sub) -10/Subcaves (discovered 4 exits: [*Mat x2] / *Rec / *Scr) -8/Recycling (discovered 2 exits: *Fac / *Scr) -8/Scraptown (discovered 2 exits: *Fac x2) -6/Factory (discovered 3 exits: Fac / *Low x2) -6/Lower Caves -6/Lower Caves (discovered 2 exits: *Fac / *Dat) -6/Data Miner -5/Proximity Caves -5/Factory (discovered 4 exits: Upp x2 / *Ext x2) -5/Extension (discovered 2 exits: *Fac / *Cet) -5/Cetus (discovered 2 exits: *Fac / *Arc) -5/Archives (discovered 2 exits: *Hub x2) -5/Hub_04(d) -4/Factory (discovered 3 exits: *Upp x2 / Arm) -4/Upper Caves -4/Upper Caves (discovered 2 exits: *Res / *War) -4/Warlord -3/Proximity Caves -3/Research (discovered 2 exits: Res / *Qua) -3/Quarantine -2/Research (discovered 2 exits: *Tes x2) -2/Testing (discovered 3 exits: Acc / *Sec / *Frg) -2/Section 7 History --------- Turn | Location | Event 3 | -11/Scrapyard | Discovered new exit (range 15) 149 | -11/Scrapyard | Entered Materials 315 | -10/Materials | Build established: Mutant 724 | -10/Materials | Discovered new exit (range 4) 1160 | -10/Materials | Discovered new exit (range 15) 1191 | -10/Materials | Identified exit to Mines 1285 | -10/Materials | Discovered new exit (range 16) 1359 | -10/Materials | Discovered new exit (range 6) 1371 | -10/Materials | Entered Subcaves 1372 | -10/Subcaves | Approached by a straggling Scientist 1698 | -10/Subcaves | Disturbed a concealed Subdweller 2098 | -10/Subcaves | Build established: Subdweller-Mutant 2111 | -10/Subcaves | Shifting Twisted Machinery released Sub. Machine Gun 2114 | -10/Subcaves | Shifting Twisted Machinery released Spk. Treads 2223 | -10/Subcaves | Discovered new exit (range 16) 2700 | -10/Subcaves | Scientist uncovered a shortcut to Scraptown 2747 | -10/Subcaves | Shifting Twisted Machinery released Sub. Machine Gun 2750 | -10/Subcaves | Discovered new exit (range 7) 2757 | -10/Subcaves | Discovered new exit (range 8) 2797 | -10/Subcaves | Shifting Twisted Machinery released Mak. Light Armor Plating 2882 | -10/Subcaves | A swath of the cavern ceiling suddenly collapsed 3762 | -10/Subcaves | A swath of the cavern ceiling suddenly collapsed 3988 | -10/Subcaves | Core integrity fell below 50% 4245 | -10/Subcaves | Learned location of Zion (-7) 4245 | -10/Subcaves | Met a Zionite searching for "candidates" 4339 | -10/Subcaves | Visited Clippyterm 4565 | -10/Subcaves | Learned Materials trap positions 4905 | -10/Subcaves | Visited 4L-MR0's lab 5175 | -10/Subcaves | Found Prototype Device 5184 | -10/Subcaves | Found Power Bank 5237 | -10/Subcaves | Identified Sfc. Transmogrifier 5277 | -10/Subcaves | Build established: Mutant 7395 | -10/Subcaves | Entered Recycling 7426 | -8/Recycling | Attached CPS modules to Y-45 Defender 7750 | -8/Recycling | Scanned before Scraplab entrance 8415 | -8/Recycling | Discovered new exit (range 7) 9894 | -8/Recycling | Entered Scraplab 9907 | -8/Recycling | Discovered new exit (range 2) 9908 | -8/Recycling | Entered Scraptown 9927 | -8/Scraptown | Heard Great Nut preacher, LISTEN AND RECITE! 10136 | -8/Scraptown | Scanned Subdweller tech in exchange for log data 10145 | -8/Scraptown | Learned Research garrison access intel 10150 | -8/Scraptown | Learned location of 1 exit from Factory 10152 | -8/Scraptown | Learned location of Armory (-4) 10282 | -8/Scraptown | Visited UFD Registry 10282 | -8/Scraptown | Registered with UFD as "Rustpod" 10445 | -8/Scraptown | Visited Red Mages 10466 | -8/Scraptown | Visited CPS Storage 10505 | -8/Scraptown | Visited IN-MT5's Study 10607 | -8/Scraptown | Visited Awakened 11764 | -8/Scraptown | Discovered new exit (range 13) 12022 | -8/Scraptown | Delivered Scrap Shield to a Scientist 12216 | -8/Scraptown | Learned location of Extension (-5) 12529 | -8/Scraptown | Guru changed UFD alias to "Waveguard" 12706 | -8/Scraptown | Visited Curators Association 12757 | -8/Scraptown | Visited Infowarlord's Domain 12766 | -8/Scraptown | Found Exp. Sensor Array 12804 | -8/Scraptown | Received an X-ray algorithm 12945 | -8/Scraptown | Visited Cave Peace 12962 | -8/Scraptown | Ran an X-ray algorithm 13030 | -8/Scraptown | Ran an X-ray algorithm 13201 | -8/Scraptown | Visited Scrap Suit Storage 13228 | -8/Scraptown | Visited Derelict Rescue Squad 13265 | -8/Scraptown | Visited Sword Containment 13282 | -8/Scraptown | Found Prototype Slashing Weapon 13282 | -8/Scraptown | Identified Companion Sword 13317 | -8/Scraptown | Visited Junk Cannon Lab 13369 | -8/Scraptown | Visited Analyses Database 13409 | -8/Scraptown | Visited LU-1G1's Boring Crew 13436 | -8/Scraptown | Visited Chapter 10 14390 | -8/Scraptown | Met Optimus 14390 | -8/Scraptown | Accepted into 0bPrime 14468 | -8/Scraptown | Discovered new exit (range 3) 14472 | -8/Scraptown | Entered Factory 14472 | -6/Factory | Evolved 8 slots: Power x1, Propulsion x2, Utility x5 14473 | -6/Factory | Identified exit to Lower Caves 14474 | -6/Factory | Identified exit to Factory 15004 | -6/Factory | Discovered exit to Lower Caves (range 19) 15205 | -6/Factory | Found Prototype Launcher 15205 | -6/Factory | Identified Scatter Rocket Array 15468 | -6/Factory | Entered Lower Caves 15470 | -6/Lower Caves | UFD Scientist delivered a prototype 15498 | -6/Lower Caves | Found Prototype Protection 15498 | -6/Lower Caves | Identified Enh. Scrap Shield 15787 | -6/Lower Caves | Attracted the attention of an 0b10 checkpoint 16272 | -6/Lower Caves | Discovered new exit (range 6) 16410 | -6/Lower Caves | Entered another Lower Caves area 16420 | -6/Lower Caves | Entered a destroyed Warlord outpost 16621 | -6/Lower Caves | Discovered exit to Factory (range 12) 16709 | -6/Lower Caves | Identified exit to Data Miner 16771 | -6/Lower Caves | Encountered a Warlord checkpoint 17273 | -6/Lower Caves | Build established: Derelict-Mutant 17506 | -6/Lower Caves | Entered Data Miner 17506 | -6/Data Miner | Discovered new exit (range 6) 17538 | -6/Data Miner | Met Data Miner 17568 | -6/Data Miner | Learned location of Section 7 (-2) 17568 | -6/Data Miner | Acquired the access code to Warlord's prototype stash 17591 | -6/Data Miner | Received God Mode back door access code from Data Miner 17629 | -6/Data Miner | Entered Proximity Caves 17939 | -5/Proximity Caves | Build established: Infiltrator-Mutant 17958 | -5/Proximity Caves | Learned Factory stockpile data 18368 | -5/Proximity Caves | System corruption reached 10% 18425 | -5/Proximity Caves | Lost 5 parts (1p2n2u) 18472 | -5/Proximity Caves | Lost 3 parts (1p1n1u) 18872 | -5/Proximity Caves | Discovered exit to Factory (range 9) 18885 | -5/Proximity Caves | Build established: Mutant 18910 | -5/Proximity Caves | Entered Factory 18910 | -5/Factory | Evolved 2 slots: Propulsion x1, Utility x1 19509 | -5/Factory | Identified exit to Upper Caves 19509 | -5/Factory | Identified exit to Extension 19539 | -5/Factory | Fabricated G-50 Soldier? 19821 | -5/Factory | Scrapoid reinforcements arrived 19828 | -5/Factory | Found Powered Armor 19831 | -5/Factory | Found Powered Armor 19834 | -5/Factory | Found Powered Armor 19837 | -5/Factory | Found Powered Armor 19840 | -5/Factory | Found Powered Armor 20015 | -5/Factory | Entered Extension 20015 | -5/Extension | Accompanied by 4 allies 20360 | -5/Extension | Rescued a captive Derelict 20402 | -5/Extension | Build established: Commander-Mutant 20706 | -5/Extension | Spotted B-75 Beast 20734 | -5/Extension | Allies destroyed B-75 Beast 20737 | -5/Extension | Spotted B-75 Beast 20767 | -5/Extension | Allies destroyed B-75 Beast 20823 | -5/Extension | Lost 9 allies 20869 | -5/Extension | Rescued A7 20874 | -5/Extension | Attached CPS modules to A7 20880 | -5/Extension | Incoming investigation squad redirected 20887 | -5/Extension | Rescued a captive Derelict 20925 | -5/Extension | Rescued a captive Derelict 21017 | -5/Extension | Rescued a captive Derelict 21032 | -5/Extension | Rescued a captive Derelict 21084 | -5/Extension | Rescued a captive Derelict 21085 | -5/Extension | Rescued a captive Derelict 21148 | -5/Extension | Discovered new exit (range 10) 21149 | -5/Extension | Discovered new exit (range 6) 21189 | -5/Extension | Entered Cetus 21189 | -5/Cetus | Accompanied by 6 allies (A7) 21194 | -5/Cetus | Acquired a Cetus Manufacturing Module code from A7 21213 | -5/Cetus | Spotted Cetus Guard 21214 | -5/Cetus | Spotted Cetus Guard 21216 | -5/Cetus | Spotted Cetus Guard 21217 | -5/Cetus | Spotted Cetus Guard 21232 | -5/Cetus | Allies destroyed Cetus Guard 21239 | -5/Cetus | Destroyed Cetus Guard 21241 | -5/Cetus | Allies destroyed Cetus Guard 21246 | -5/Cetus | Allies destroyed Cetus Guard 21266 | -5/Cetus | Lost 3 allies 21311 | -5/Cetus | Started Cetus Manufacturing Module 21336 | -5/Cetus | Manufactured an Enhanced Grunt 21361 | -5/Cetus | Manufactured an Enhanced Grunt 21386 | -5/Cetus | Manufactured an Enhanced Grunt 21411 | -5/Cetus | Manufactured an Enhanced Grunt 21436 | -5/Cetus | Manufactured an Enhanced Grunt 21492 | -5/Cetus | Discovered new exit (range 16) 21552 | -5/Cetus | Spotted Cetus Guard 21552 | -5/Cetus | Spotted Cetus Guard 21554 | -5/Cetus | Spotted Cetus Guard 21555 | -5/Cetus | Spotted Cetus Guard 21560 | -5/Cetus | Discovered new exit (range 16) 21579 | -5/Cetus | Allies destroyed Cetus Guard 21581 | -5/Cetus | Allies destroyed Cetus Guard 21583 | -5/Cetus | Allies destroyed Cetus Guard 21587 | -5/Cetus | Allies destroyed Cetus Guard 21588 | -5/Cetus | Met Revision 17 21607 | -5/Cetus | Lost 4 allies 21617 | -5/Cetus | Found Prototype Device 21617 | -5/Cetus | Identified Exp. Thermal Shield 21719 | -5/Cetus | Murdered A7 21721 | -5/Cetus | Extracted ID and sensor layout for unrecognized location from A7's data core 21728 | -5/Cetus | Found Prototype Protection 21728 | -5/Cetus | Identified Med. Regenerative Plating 21788 | -5/Cetus | Entered Archives 21788 | -5/Archives | Accompanied by 3 allies 21821 | -5/Archives | Met Zhirov 21827 | -5/Archives | Reinforcements dispatched to Archives 21835 | -5/Archives | Read partially decrypted archive contents 21835 | -5/Archives | Read partially decrypted archive contents 21840 | -5/Archives | Discovered new exit (range 13) 21855 | -5/Archives | Discovered new exit (range 14) 21872 | -5/Archives | Reinforcements dispatched to Archives 21882 | -5/Archives | Entered Hub_04(d) 21882 | -5/Hub_04(d) | Accompanied by 2 allies 21883 | -5/Hub_04(d) | Discovered new exit (range 11) 21932 | -5/Hub_04(d) | Build established: Scavenger-Mutant 21958 | -5/Hub_04(d) | Network Hub disabled 21974 | -5/Hub_04(d) | Spotted Lightning 22227 | -5/Hub_04(d) | Network Hub disabled 22286 | -5/Hub_04(d) | Spotted Lightning 22310 | -5/Hub_04(d) | Destroyed Lightning 22314 | -5/Hub_04(d) | Found Prototype Device 22314 | -5/Hub_04(d) | Identified Exp. EM Shield 22322 | -5/Hub_04(d) | Found Prototype Device 22322 | -5/Hub_04(d) | Identified Exp. Phase Shifter 22450 | -5/Hub_04(d) | System corruption reached 10% 22484 | -5/Hub_04(d) | Spotted Lightning 22491 | -5/Hub_04(d) | Network Hub disabled 22491 | -5/Hub_04(d) | Network Hub disabled 22495 | -5/Hub_04(d) | Spotted Lightning 22706 | -5/Hub_04(d) | Spotted Lightning 22921 | -5/Hub_04(d) | Entered Factory 22921 | -4/Factory | Evolved 2 slots: Utility x2 23561 | -4/Factory | Identified exit to Upper Caves 23561 | -4/Factory | Identified exit to Armory 23754 | -4/Factory | Build established: Mutant 23755 | -4/Factory | Entered Upper Caves 23755 | -4/Upper Caves | Accompanied by 2 allies 23786 | -4/Upper Caves | Learned Research emergency access door positions 23956 | -4/Upper Caves | Lost 3 parts (3u) 24196 | -4/Upper Caves | Lost 4 parts (2p1n1u) 24237 | -4/Upper Caves | Build established: Scavenger-Mutant 24379 | -4/Upper Caves | Discovered new exit (range 14) 24395 | -4/Upper Caves | Entered another Upper Caves area 24405 | -4/Upper Caves | Discovered new exit (range 14) 24546 | -4/Upper Caves | Attracted the attention of an 0b10 checkpoint 24573 | -4/Upper Caves | Build established: Mutant 25044 | -4/Upper Caves | System corruption reached 10% 25107 | -4/Upper Caves | Learned 4 Research zone layouts 25389 | -4/Upper Caves | Discovered new exit (range 12) 25390 | -4/Upper Caves | Build established: Derelict-Mutant 25409 | -4/Upper Caves | Entered Warlord 25473 | -4/Warlord | System corruption cleaned by Quarantine Array 25564 | -4/Warlord | System corruption cleaned by Quarantine Array 25996 | -4/Warlord | Found Prototype Device 25996 | -4/Warlord | Identified Wardrone Bay 26062 | -4/Warlord | Received a Watcher feed algorithm from an ecstatic Tinkerer 26079 | -4/Warlord | Opened Warlord's prototype stash 26083 | -4/Warlord | Found Prototype Reactor 26083 | -4/Warlord | Identified Vortex Chain Reactor 26116 | -4/Warlord | Warlord's base attacked by MAIN.C 26128 | -4/Warlord | Rebuked by Warlord 26170 | -4/Warlord | Build established: Commander-Mutant 26234 | -4/Warlord | Found Prototype Launcher 26397 | -4/Warlord | Lost 7 allies 26466 | -4/Warlord | Warlord forces counterattacked 26525 | -4/Warlord | Lost 3 allies 26545 | -4/Warlord | Spotted Executioner 26554 | -4/Warlord | Spotted Executioner 26573 | -4/Warlord | Core integrity fell below 50% 26590 | -4/Warlord | Destroyed 8 combat bots 26590 | -4/Warlord | Discovered new exit (range 12) 26595 | -4/Warlord | Lost 4 allies 26601 | -4/Warlord | Entered Proximity Caves 26602 | -3/Proximity Caves | Forged Quantum Companion 26687 | -3/Proximity Caves | Build established: Mutant 26691 | -3/Proximity Caves | Spotted B-86 Titan 27102 | -3/Proximity Caves | Lost 6 parts (3p1n1u1w) 27136 | -3/Proximity Caves | Discovered new exit (range 6) 27142 | -3/Proximity Caves | Entered Research 27142 | -3/Research | Evolved 2 slots: Propulsion x1, Utility x1 27143 | -3/Research | Identified exit to Research 27145 | -3/Research | Loaded intel: 4 garrison access locations 27279 | -3/Research | Fabricated Combat Drone Bay (x1) 27342 | -3/Research | Revision forces began assault on 0b10 27355 | -3/Research | Found Prototype Launcher 27355 | -3/Research | Identified Tactical Quantum Warhead 27391 | -3/Research | Met up with Revision 17++ 27561 | -3/Research | Found Gamma Bomb Array 27653 | -3/Research | Build established: Gladiator 27688 | -3/Research | Found Prototype Device 27688 | -3/Research | Identified Exp. EM Disruption Field 27721 | -3/Research | Watched by a mysterious "MATRIX" hacker 27763 | -3/Research | Discovered new exit (range 9) 27793 | -3/Research | Identified exit to Quarantine 27794 | -3/Research | Entered Quarantine 27933 | -3/Quarantine | Found Alien Energy Cannon 28082 | -3/Quarantine | Identified Vortex Catalyst Activator 28147 | -3/Quarantine | Cryocooling Duct disabled 28162 | -3/Quarantine | Ambient heat levels rising (+20) 28162 | -3/Quarantine | Non-combat units ordered to evacuate 28162 | -3/Quarantine | Destroyed 7 combat bots 28295 | -3/Quarantine | System corruption reached 10% 28401 | -3/Quarantine | Found Prototype Launcher 28401 | -3/Quarantine | Identified Com. Tesla Bomb Launcher 28581 | -3/Quarantine | Lost 6 parts (2p1n3u) 28590 | -3/Quarantine | Destroyed 7 combat bots 28642 | -3/Quarantine | Repaired Hcp. Storage Unit 28702 | -3/Quarantine | Found Alien Artifact 28808 | -3/Quarantine | Discovered exit to Research (range 19) 28842 | -3/Quarantine | Found Alien Artifact 28850 | -3/Quarantine | Found Alien Artifact 28862 | -3/Quarantine | Identified Core Reset Matrix 28862 | -3/Quarantine | Identified Terrabomb (x2) 28862 | -3/Quarantine | Identified Core Cannon 28862 | -3/Quarantine | Used Core Reset Matrix 28866 | -3/Quarantine | Detected hypermatrix surge 28866 | -3/Quarantine | Sensed 1 artifact in vicinity 28868 | -3/Quarantine | Entered Research 28868 | -2/Research | Evolved 2 slots: Power x1, Utility x1 28910 | -2/Research | Build established: Scavenger-Mutant 29048 | -2/Research | Found Unknown Protection 29048 | -2/Research | Identified Hvy. Reactive Plating 29052 | -2/Research | Found Hvy. Reactive Plating 29401 | -2/Research | Lost 5 parts (1p1n3u) 29494 | -2/Research | Lost 10 parts (3p5n2u) 29611 | -2/Research | Identified exit to Testing 29630 | -2/Research | System corruption reached 10% 29805 | -2/Research | Lost 3 parts (1p2u) 30044 | -2/Research | Entered Testing 30090 | -2/Testing | Identified exit to Access 30107 | -2/Testing | Build established: Scavenger-Ninja 30282 | -2/Testing | Spotted Fortress 30309 | -2/Testing | Discovered new exit (range 6) 30309 | -2/Testing | Discovered new exit (range 6) 30310 | -2/Testing | Identified exit to Protoforge 30312 | -2/Testing | Identified exit to Section 7 30313 | -2/Testing | Entered Section 7 30314 | -2/Section 7 | Detected hypermatrix surge 30314 | -2/Section 7 | Sensed 21 artifacts in vicinity 30346 | -2/Section 7 | Found Integrated Dissipator 30346 | -2/Section 7 | Installed Integrated Dissipator, increased core heat dissipation (+20) 30476 | -2/Section 7 | Scanned by Researcher 30481 | -2/Section 7 | Core integrity fell below 50% 30513 | -2/Section 7 | Spotted S7 Guard 30519 | -2/Section 7 | Found Core Membrane 30519 | -2/Section 7 | Installed Core Membrane, gained immunity to corruption 30534 | -2/Section 7 | Lost 6 parts (5n1u) 30554 | -2/Section 7 | Spotted Alpha 7 30555 | -2/Section 7 | Spotted Alpha 7 30563 | -2/Section 7 | Spotted B-99 Colossus 30566 | -2/Section 7 | Core integrity fell below 20% 30604 | -2/Section 7 | Integrated with Sigix Exoskeleton 30624 | -2/Section 7 | Spotted Executioner 30624 | -2/Section 7 | Spotted Executioner 30627 | -2/Section 7 | Destroyed Executioner 30630 | -2/Section 7 | Destroyed Executioner 30633 | -2/Section 7 | Found Exp. Core Analyzer 30635 | -2/Section 7 | Found Prototype Device 30635 | -2/Section 7 | Identified Adv. Kinecellerator 30645 | -2/Section 7 | Spotted Striker 30645 | -2/Section 7 | Spotted Striker 30679 | -2/Section 7 | Found Sigix Sheargun 30681 | -2/Section 7 | Found Sigix Sheargun 30701 | -2/Section 7 | Intercept squad dispatched 30719 | -2/Section 7 | Spotted Tracker 30721 | -2/Section 7 | Spotted Tracker 30721 | -2/Section 7 | Destroyed Tracker 30732 | -2/Section 7 | Found Transdimensional Reconstructor 30734 | -2/Section 7 | Found Transdimensional Reconstructor 30740 | -2/Section 7 | Warped through subspace 30740 | -2/Section 7 | Spotted Executioner 30740 | -2/Section 7 | Spotted Executioner 30750 | -2/Section 7 | Warped through subspace 30761 | -2/Section 7 | Spotted Combat Programmer 30767 | -2/Section 7 | Spotted Combat Programmer 30772 | -2/Section 7 | Spotted Investigator 30775 | -2/Section 7 | Destroyed by G-73 Enforcer with Heavy Laser Last Messages --------------- payload. 30773_ P-80 Master unfolds itself. 30773_ E-15 Imp unfolds itself. 30773_ P-80 Master resets Combat Programmer, system corruption cleaned. 30773_ Stasis bubble strength at 132. 30773_ Machine disabled. 30774_ Core Membrane filtered system corruption (1). 30774_ Stasis bubble strength at 98. 30774_ Core Membrane filtered system corruption (1). 30774_ Penetrated by Slug. 30775_ C-45 Heavy ARC bursts open, deploying its payload. 30775_ G-73 Enforcer unfolds itself. 30775_ L-61 Swordsman unfolds itself. 30775_ G-73 Enforcer unfolds itself. 30775_ B-74 Champion unfolds itself. 30775_ I-47 Archangel unfolds itself. Map ----- +----------------------------------------------------+ | ??????????+##############" " | | ??????????? ###########" """""" " | | ??????????? ###########" """"""""" " | | ???????????? ###########" """""" | | ????????????? ###########" | | ??????????????###########" | | ????????????????#########" """""" | | ?????????????????########" """"""""" | | ????????????????????#####" """""" """ | | ?????????????????########" "" | | ????????????????#########" """" | | ??????????????###########" " | | ?????????????############" " | | ???????????? = #####" p " | | ???????????# """#####" "" | | ???????????# """#####" """" | | ??????????## """##### """" "" | | ?????????### """#####" """" "" """ | | ?????????### """#####"" """ | | ?????????### """#####"" " " "" | | ????????#### """#####""" """" " | | ????????#### = ##### " """ """7 "" | | ????#############/##### # """""" | | ????C C gplbc p/ " | | ??? w bppelbbm / | | ??? ig /X """"" | | ??? / 7 """"" | | ???????##########+##### # """ | | ????????##### #####"" p """"" | | ????????##### #####""" p | | ????????##### #####""" | | ?????????#### ] #####"" | | ?????????#### #####" | | ?????????#### ##### """""""""""" | | ??????????### ##### """""""""""" | | ???????????## ######################### ### | | ???????????## ######################### ### | | #####"####### ############################## | | [%! !*! + ############################?? | | ###+###########################################??? | | ?# #???????#############################????? | | ?# !! #????????###########################?????? | | ?# !! #???????????#####################????????? | | ?# ! #????????????????#??#??#???#?????????????? | | ?# #????????????????????????????????????????? | | ?# #????????????????????????????????????????? | | ?########????????????????????????????????????????? | | ?????????????????????????????????????????????????? | | ?????????????????????????????????????!???????????? | | ?????????????????????????????????????????????????? | +----------------------------------------------------+ Best States ------------- Heat Dissipation 139 Coolant Potential 65 Energy Generation 72 Energy Capacity 1100 Matter Stores 529 Matter Capacity 1300 Sight Range 24 Robot Scan Range 20 Terrain Scan Range 14 Terrain Scan Density 210 ECM Strength 2 Jamming Range 22 Cloak Strength 4 Power Amplification 30 Additional Mass Support 20 Base Temperature (-) 200 EM Shielding 2 Armor Coverage 1600 Resistance: KI 50 Resistance: TH 50 Resistance: EX 50 Resistance: EM 90 Resistance: I 50 Resistance: S 50 Resistance: P 50 Core Shielding 40 Propulsion Shielding 90 Utility Shielding 66 Weapon Shielding 66 Weapon Cycling 20 Phase Shifting 20 Evasion (%) 90 Targeting Accuracy 20 Melee Accuracy 12 Launcher Accuracy 20 Target Analysis 10 Core Analysis 12 Armor Integrity Analysis 40 Recoil Reduction 5 Particle Charging 40 Kinecelleration 50 Force Boost 20 Salvage Targeting 3 Offensive Hacking 16 Defensive Hacking 14 Item Schematics ----------------- None Robot Schematics ------------------ G-73 Enforcer | -2/Section 7 | Archive Fabricated ------------ G-50 Soldier | x3 | -5/Factory | Preloaded Combat Drone Bay | x1 | -3/Research Repaired ---------- Hcp. Storage Unit | 27% | -3/Quarantine Studied --------- None Alien Tech Used ----------------- Core Reset Matrix Integrated Dissipator Core Cannon Core Membrane Sigix Exoskeleton Sigix Sheargun Transdimensional Reconstructor Achievements -------------- 404 Challenges ------------ None Game ------ Seed AssembledAblativeCharger Manual? 0 Play Time 03:06:40 Cumulative 493.3 hours Start 2026.06.24 @ 16:15:46 End 2026.06.27 @ 16:01:19 Sessions 3 Manual Loads 0 Difficulty Rogue Special Mode None Game No. 288 Rogue 288 Adventurer 0 Explorer 0 Win Type - Total 23 Types 12/1/4/2/1/0/1/2/0/0 Lore% 94 Gallery% 82 Achievement% 76 Wizard Run 0 Options --------- Layout 1 ASCII 0 Keyboard 0 Movement Mouse Keybinds 0 Fullscreen 2 Font 32/SmallcapsGlow Map View 50x35 Zoom Use 0% Tactical HUD 1 Map Filters NONE Filters NONE Steam 1 RUN: 2274959a-7b5a-41c4-b9f5-faa27c6fa000